 Dungeon Crawl Stone Soup version 0.28-a0-245-g639a1a48b9 (webtiles) character file.

Game seed: 7275449867106008604

44 jisko22 the Digger (level 3, 0/20 HPs)
             Began as a Gargoyle Earth Elementalist on Aug 24, 2021.
             Killed from afar by Terence (2 damage)
             ... with a puff of flame
             ... on level 2 of the Dungeon.
             The game lasted 00:07:05 (2271 turns).

jisko22 the Digger (Gargoyle Earth Elementalist)    Turns: 2271, Time: 00:07:05

Health: 0/20       AC:  5    Str: 11    XL:     3   Next: 60%
Magic:  1/6        EV: 12    Int: 16    God:
Gold:   18         SH:  0    Dex: 10    Spells: 2/6 levels left

rFire   + . .      SeeInvis .   b - +0 trident
rCold   + . .      Faith    .   (no shield)
rNeg    + . .      Spirit   .   h - +0 robe
rPois   ∞          Reflect  .   (no helmet)
rElec   +          Harm     .   (no cloak)
rCorr   +          Rampage  .   (no gloves)
Will    .....                   (no boots)
Stlth   ++........              (no amulet)
HPRegen 0.06/turn               (no ring)
MPRegen 0.10/turn               (no ring)

@: resistant
A: sickness immunity, AC +3, negative energy resistance 1, electricity
resistance, torment resistance 1, petrification resistance
a: no special abilities


You were on level 2 of the Dungeon.
You visited 1 branch of the dungeon, and saw 2 of its levels.

You collected 18 gold pieces.

Inventory:

Hand Weapons
 a - a +0 hunting sling
 b - a +0 trident (weapon)
Missiles
 c - 80 stones
 f - 20 sling bullets
 i - a throwing net
Armour
 d - a +0 scale mail
 h - a +0 robe (worn)
Scrolls
 e - a scroll of vulnerability {unknown}
 j - a scroll of acquirement {unknown}


   Skills:
 + Level 1.2 Fighting
 + Level 2.0 Dodging
 - Level 2.1 Stealth
 + Level 2.3 Spellcasting
 - Level 0.7 Transmutations
 * Level 4.4 Earth Magic


You had 2 spell levels left.
You knew the following spells:

 Your Spells              Type           Power      Damage    Failure   Level
a - Sandblast             Erth           32%        2d9       3%          1
b - Stone Arrow           Conj/Erth      18%        3d8       24%         3

Your spell library contained the following spells:

 Spells                   Type           Power      Damage    Failure   Level
 Passwall                 Tmut/Erth      8%         N/A       11%         2
 Petrify                  Tmut/Erth      10%        N/A       56%         4


Dungeon Overview and Level Annotations

Branches:
Dungeon (2/15)

Altars:

Annotations:
D:2 Terence


Innate Abilities, Weirdness & Mutations

You are immune to sickness and miasma.
Your stone body is resilient. (AC +3)
You are immune to poison.
You resist negative energy. (rN+)
You are resistant to electric shocks. (rElec)
You are resistant to unholy torment.
You are immune to petrification.


Message History

Aim: Terence, wielding a +0 mace, wearing a +0 scale mail and carrying a wand of flame (20) (82% to hit)
The blast of sand hits Terence.
Terence is lightly wounded.
Casting: Sandblast (safe; 3% risk of failure)
Confirm with . or Enter, or press ? or * to list all spells.
Aiming: Sandblast (safe; 3% risk of failure)
Press: ? - help, Shift-Dir - straight line, f/p - Terence
Aim: Terence, wielding a +0 mace, wearing a +0 scale mail and carrying a wand of flame (20) (lightly wounded, 82% to hit)
The blast of sand misses Terence.
A rat comes into view.
Casting: Sandblast (safe; 3% risk of failure)
Confirm with . or Enter, or press ? or * to list all spells.
Aiming: Sandblast (safe; 3% risk of failure)
Press: ? - help, Shift-Dir - straight line, f/p - Terence
Aim: Terence, wielding a +0 mace, wearing a +0 scale mail and carrying a wand of flame (20) (lightly wounded, 82% to hit)
The blast of sand hits Terence but does no damage.
Terence is lightly wounded.
Terence closely misses you.
Casting: Sandblast (safe; 3% risk of failure)
Confirm with . or Enter, or press ? or * to list all spells.
Aiming: Sandblast (safe; 3% risk of failure)
Press: ? - help, Shift-Dir - straight line, f/p - Terence
Aim: Terence, wielding a +0 mace, wearing a +0 scale mail and carrying a wand of flame (20) (lightly wounded, 82% to hit)
The blast of sand hits Terence but does no damage.
Terence is lightly wounded.
Terence zaps a wand.
The puff of flame hits you.
Casting: Sandblast (safe; 3% risk of failure)
Confirm with . or Enter, or press ? or * to list all spells.
Aiming: Sandblast (safe; 3% risk of failure)
Press: ? - help, Shift-Dir - straight line, f/p - Terence
Aim: Terence, wielding a +0 mace, wearing a +0 scale mail and carrying a wand of flame (19) (lightly wounded, 82% to hit)
The blast of sand hits Terence.
Terence is moderately wounded.
Terence hits you with a +0 mace!
* * * LOW HITPOINT WARNING * * *
It was a potion of resistance.
You feel protected.
Terence says, "Time to say good-bye..."
Terence zaps a wand.
The puff of flame hits you. You resist.
You die...

#.# #.####
#....#####
#.....)..#
#.##.###.#
#.#####.##.#
#.#
#.....#.##.#
#.# #...##.#
#.# #.@....#
#<# #@######
#.# ..r #.#
#.## #.# #.
#.# # #.#
#.# #.#


You could see Terence and a rat.

Vanquished Creatures
  A dart slug (D:1)
  2 ball pythons (D:1)
  6 endoplasms (D:1)
  A giant cockroach (D:1)
  4 hobgoblins (D:1)
  10 jackals (D:1)
  2 kobolds
  2 quokkas (D:1)
  2 bats (D:1)
  A frilled lizard (D:1)
  2 rats (D:1)
33 creatures vanquished.

Notes
Turn   | Place    | Note
-------+----------+-------------------------------------------
     0 | D:1      | jisko22 the Gargoyle Earth Elementalist began the quest for
                  | the Orb.
     0 | D:1      | Reached XP level 1. HP: 10/10 MP: 3/3
    97 | D:1      | Reached XP level 2. HP: 5/16 MP: 0/5
   576 | D:1      | Reached skill level 4 in Earth Magic
   914 | D:1      | Reached skill level 1 in Fighting
  1153 | D:1      | Found a faded altar of an unknown god.
  1159 | D:1      | Reached XP level 3. HP: 20/20 MP: 3/6
  1641 | D:1      | Learned a level 3 spell: Stone Arrow
  2263 | D:2      | Noticed Terence
  2271 | D:2      | Killed from afar by Terence

Illustrated notes

Levels and vault maps discovered:
D:1:      amcnicky_arrival_gap_in_the_tavern_cellar, layout_loops_ring,
          hellmonk_ecumenical_altar_blasted
D:2:      layout_loops_ring, fountainhead, grunt_ministairs_4, uniq_terence

Skill      XL: |  1  2  3 |
---------------+----------+-----
Earth Magic    | 4 |  4.4
Fighting       | 1 |  1.2
Dodging        | 2 |  2.0
Stealth        | |  2.1
Spellcasting   | |  2.3
Transmutations | |  0.7

Action                   || total
-------------------------++-------
Melee: Unarmed           ||    42
       Trident           ||    29
 Fire: Hunting sling     ||     2
 Cast: Sandblast         ||    37
  Use: Potion            ||     1
 Stab: Sleeping          ||     2
Armor: Robe              ||    35
Dodge: Dodged            ||    68

Table legend: (Time is in decaauts)
 A = Elapsed time spent in this place.
 B = Non-inter-level travel time spent in this place.
 C = Inter-level travel time spent in this place.
 D = Time resting spent in this place.
 E = Time spent auto-exploring this place.
 F = Levels seen in this place.
 G = Mean time per level.
                   A        B        C        D        E       F      G
               +--------+--------+--------+--------+--------+-----+--------+
         Total |   2277 |   2253 |     24 |   1237 |    703 |   2 | 1138.5 |
       Dungeon |   2277 |   2253 |     24 |   1237 |    703 |   2 | 1138.5 |
               +--------+--------+--------+--------+--------+-----+--------+

Top non-repeatable levels by time:
     D:1: 2245 daAuts
     D:2: 31 daAuts
